 Dungeon Crawl Stone Soup version 0.19.5 (webtiles) character file.

2159 Peloso the Carver (level 9, -10/78 HPs)
             Began as a Minotaur Fighter on Mar 18, 2017.
             Was a Follower of Okawaru.
             Killed from afar by a steam dragon (25 damage)
             ... with a ball of steam
             ... on level 7 of the Dungeon.
             The game lasted 00:15:50 (6135 turns).

Peloso the Carver (Minotaur Fighter)                Turns: 6135, Time: 00:15:50

Health: -10/78     AC: 15    Str: 21    XL:     9   Next: 10%
Magic:  8/8        EV:  6    Int:  5    God:    Okawaru [*.....]
Gold:   412        SH: 11    Dex: 15    Spells: 0 memorised, 8 levels left

rFire  . . .     SeeInvis .     a - +1 long sword
rCold  . . .     Gourm    .     A - +0 plate armour
rNeg   . . .     Faith    .     c - +0 shield
rPois  .         Spirit   .     (helmet restricted)
rElec  .         Reflect  .     u - +0 cloak
rCorr  +         Harm     .     j - +0 pair of gloves
MR     .....                    (no boots)
Stlth  ..........               (no amulet)
                                o - +2 ring of dexterity
                                k - ring of resist corrosion

@: no status effects
A: retaliatory headbutt, horns 2
a: Heroism, Renounce Religion


You were on level 7 of the Dungeon.
You worshipped Okawaru.
Okawaru was aware of your devotion.
You were very hungry.

You visited 2 branches of the dungeon, and saw 8 of its levels.
You also visited: Sewer.

You collected 412 gold pieces.

Inventory:

Hand Weapons
 a - a +1 long sword (weapon)
 s - a +3 whip
Armour
 c - a +0 shield (worn)
 j - a +0 pair of gloves (worn)
 l - a +0 chain mail
 u - a +0 cloak (worn)
 A - a +0 plate armour (worn)
Jewellery
 k - a ring of resist corrosion (left hand)
 o - a +2 ring of dexterity (right hand)
Wands
 G - a wand of flame (12/48)
 H - a wand of iceblast (10/15)
Scrolls
 b - 4 scrolls of remove curse
 g - 2 scrolls of enchant weapon
 n - a scroll of teleportation {unknown}
 r - a scroll of recharging
 w - a scroll of blinking
 y - a scroll of identify
 F - a scroll of amnesia
 I - a scroll of holy word {unknown}
Potions
 d - a potion of haste
 e - a potion of flight {unknown}
 h - a potion of ambrosia
 i - a potion of brilliance
 m - 4 potions of curing
 p - 2 potions of agility {unknown}
 t - 2 potions of lignification {unknown}
 z - a potion of magic {unknown}
 D - a potion of berserk rage
 J - a potion of invisibility
Comestibles
 f - 3 bread rations
 q - a slice of pizza
 x - 2 beef jerkies
 B - a meat ration
 C - a royal jelly
 E - a fruit


   Skills:
 + Level 6.8 Fighting
 + Level 9.2 Long Blades
 + Level 7.2 Armour
 + Level 2.5 Dodging
 + Level 0.8 Stealth
 + Level 7.6 Shields


You had 8 spell levels left.
You didn't know any spells.

Dungeon Overview and Level Annotations

Branches:
Dungeon (7/15)             Temple (1/1) D:6

Altars:
Ashenzari
Cheibriados
Dithmenos
Elyvilon
Fedhas
Gozag
Hepliaklqana
Makhleb
Okawaru
Qazlal
Ru
Sif Muna
Trog
Xom

Shops:
D:4 =


Innate Abilities, Weirdness & Mutations

You reflexively headbutt those who attack you in melee.
You have a pair of horns on your head.


Message History

You feel much better. You block the steam dragon's attack.
The steam dragon claws you.
* * * LOW HITPOINT WARNING * * *
You hit the steam dragon but do no damage.
The steam dragon is severely wounded.
The steam dragon breathes steam at you. The ball of steam hits you!
* * * LOW HITPOINT WARNING * * *
You hit the steam dragon but do no damage.
The steam dragon is severely wounded.
You are engulfed in a cloud of scalding steam.
The steam dragon bites you but does no damage.
You block the steam dragon's attack.
You barely miss the steam dragon.
The steam dragon is severely wounded.
You are engulfed in a cloud of scalding steam.
* * * LOW HITPOINT WARNING * * *
The steam dragon breathes steam at you. The ball of steam hits you!
You die...

#..(........# .
#...........# .
#...........#
..#...........#
..#####.##############
......................
.....###.#####.#########
..##.# #..# #..D.......
. #.# ##.# #..@.......
#.# #.# #..ยง....... #.#
#.# #.......... #.# #.##
#.......... #.# #..#
#.......... #.# ##.#
#..........
#.#####.###..........
#........##..........
#......#.##.....


You could see a steam dragon.

Vanquished Creatures
  Eustachio (D:6)
  Purgy (Sewer)
  Duvessa (D:4)
  A sky beast (D:6)
  2 orc warriors (D:6)
  An ogre (D:5)
  A big kobold (D:7)
  3 scorpions
  Dowan (D:4)
  3 killer bees (D:7)
  A howler monkey (D:6)
  2 crimson imps (D:6)
  2 centaur skeletons (D:5)
  A jelly (D:3)
  4 orc priests
  Crazy Yiuf (D:3)
  2 hounds
  10 orc wizards
  A bullfrog skeleton (D:5)
  Natasha (twice) (D:3)
  2 worker ants (D:5)
  A hound zombie (D:6)
  8 adders
  A shadow imp (D:5)
  An ooze (D:2)
  3 worms
  3 dart slugs
  8 leopard geckos
  17 orcs
  9 giant cockroaches
  10 goblins
  8 hobgoblins
  6 jackals
  17 kobolds
  3 quokkas
  5 bats
  6 frilled lizards
  2 leopard gecko skeletons
  10 rats
161 creatures vanquished.

Vanquished Creatures (others)
  Natasha (D:3)
1 creature vanquished.

Grand Total: 162 creatures vanquished

Notes
Turn   | Place    | Note
-------+----------+-------------------------------------------
     0 | D:1      | Peloso the Minotaur Fighter began the quest for the Orb.
     0 | D:1      | Reached XP level 1. HP: 19/19 MP: 0/0
   111 | D:1      | Reached XP level 2. HP: 22/27 MP: 1/1
   471 | D:1      | Reached XP level 3. HP: 33/33 MP: 2/2
   666 | D:2      | Reached skill level 3 in Long Blades
   795 | D:2      | Reached XP level 4. HP: 18/41 MP: 3/3
  1024 | D:2      | Found a sacrificial altar of Ru.
  1276 | D:3      | Found a faded altar of an unknown god.
  1282 | D:2      | Reached skill level 4 in Long Blades
  1306 | D:3      | Reached XP level 5. HP: 41/47 MP: 4/4
  1499 | D:3      | Noticed Natasha
  1503 | D:3      | Killed Natasha
  1674 | D:3      | Noticed Natasha
  1681 | D:3      | Killed Natasha
  1811 | D:3      | Noticed Natasha
  1824 | D:3      | Killed Natasha
  1824 | D:3      | Reached skill level 5 in Shields
  1824 | D:3      | Reached XP level 6. HP: 31/53 MP: 5/5
  1836 | D:3      | Reached skill level 1 in Dodging
  2051 | D:3      | Reached skill level 5 in Long Blades
  2164 | D:3      | Found a runed door.
  2168 | D:3      | Noticed Crazy Yiuf
  2174 | D:3      | Killed Crazy Yiuf
  2580 | D:4      | Found Qourch's Jewellery Shoppe.
  2610 | D:4      | Noticed Dowan
  2612 | D:4      | Noticed Duvessa
  2637 | D:4      | Killed Duvessa
  2637 | D:4      | Reached skill level 5 in Fighting
  2637 | D:4      | Reached skill level 5 in Armour
  2637 | D:4      | Reached XP level 7. HP: 23/61 MP: 6/6
  2639 | D:4      | Killed Dowan
  3297 | D:5      | Entered Level 5 of the Dungeon
  3364 | D:5      | Reached skill level 6 in Long Blades
  4203 | D:6      | Reached XP level 8. HP: 59/70 MP: 7/7
  4214 | D:6      | Reached skill level 7 in Long Blades
  4329 | D:6      | Found a staircase to the Ecumenical Temple.
  4337 | Temple   | Entered the Ecumenical Temple
  4352 | Temple   | Became a worshipper of Warmaster Okawaru
  4473 | D:6      | Reached skill level 8 in Long Blades
  4520 | D:6      | Found a glowing drain.
  4541 | Sewer    | Entered a sewer
  4821 | Sewer    | Noticed Purgy
  4844 | Sewer    | Killed Purgy
  5085 | D:6      | Noticed Eustachio
  5161 | D:6      | Killed Eustachio
  5161 | D:6      | Reached * piety under Okawaru
  5686 | D:7      | Reached skill level 9 in Long Blades
  5893 | D:7      | Reached XP level 9. HP: 69/78 MP: 8/8
  6135 | D:7      | Killed from afar by a steam dragon

Skill      XL: |  1  2  3  4  5  6  7  8 |
---------------+-------------------------+-----
Fighting       | 4 5 6 |  6.8
Armour         | 4 5 7 |  7.2
Long Blades    | 3 4 5 6 9 |  9.2
Shields        | 4 5 6 7 |  7.6
Dodging        | 1 2 |  2.5
Stealth        | |  0.8

Action                   |  1- 3 |  4- 6 |  7- 9 || total
-------------------------+-------+-------+-------++-------
Melee: Long sword        |    94 |   203 |   314 ||   611
       Headbutt          |    15 |    31 |    52 ||    98
  Use: Potion            |       |     1 |     1 ||     2
       Scroll            |       |       |    15 ||    15
  Eat: Chunk             |       |     6 |     9 ||    15
       Fruit             |       |       |     2 ||     2
Armor: Scale mail        |    16 |       |       ||    16
       Chain mail        |    38 |   156 |    58 ||   252
       Plate armour      |       |       |   166 ||   166
Dodge: Dodged            |    27 |    49 |    83 ||   159
Block: Shield            |    45 |   148 |   199 ||   392
       Rpst.: Long sword |     9 |    14 |    20 ||    43
